 Dungeon Crawl Stone Soup version 0.32-a0-799-g95e1662365 (webtiles) character file.

Game seed: 9097934218324824558

483 GodheadOfAwe the Digger (level 6, -2/46 HPs)
             Began as a Draconian Necromancer on Mar 21, 2024.
             Slain by a gnoll
             ... wielding a +0 halberd
              (11 damage)
             ... on level 5 of the Dungeon.
             The game lasted 00:05:13 (4218 turns).

GodheadOfAwe the Digger (Draconian Necromancer)     Turns: 4218, Time: 00:05:14

Health: -2/46      AC: 12    Str: 10    XL:     6   Next: 87%
Magic:  0/11       EV: 11    Int: 17    God:
Gold:   249        SH:  0    Dex: 12    Spells: 11/12 levels left

rFire   . . .        d - +2 whip (elec)
rCold   + . .        (no shield)
rNeg    . . .        (body armour unavailable)
rPois   .            (helmet restricted)
rElec   .            f - +2 cloak
rCorr   .            k - +2 pair of gloves
SInv    .            (no boots)
Will    +....        (no amulet)
Stlth   ++           C - ring of protection from cold
HPRegen 0.27/turn    i - ring of willpower
MPRegen 0.12/turn

%: no passive effects
@: brilliant, lethally poisoned (-2 -> -10), about to teleport, marked
A: AC +6, unfitting armour, cold-blooded
a: no special abilities


You were on level 5 of the Dungeon.
You visited 1 branch of the dungeon, and saw 5 of its levels.

You collected 249 gold pieces.

Inventory:

Hand Weapons
 d - a +2 whip of electrocution (weapon)
Armour
 f - a +2 cloak (worn)
 k - a +2 pair of gloves (worn)
Magical Staves
 j - a staff of death {!a}
Jewellery
 i - a ring of willpower (right hand)
 C - a ring of protection from cold (left hand)
Scrolls
 c - 2 scrolls of fog
 l - 4 scrolls of identify {@r1}
Potions
 a - a potion of magic
 b - a potion of cancellation {unknown}
 e - a potion of brilliance
 g - a potion of heal wounds {@q2}
 h - a potion of haste {unknown}


   Skills:
 - Level 0.7 Fighting
 - Level 2.0 Dodging
 - Level 2.0 Stealth
 + Level 3.7 Spellcasting
 - Level 3.0 Conjurations
 - Level 4.1 Necromancy
 * Level 4.7 Earth Magic


You had 11 spell levels left.
You knew the following spells:

 Your Spells              Type           Power      Damage    Failure   Level
X - Necrotise             Necr           100%       1d9       3%          1

Your spell library contained the following spells:

 Spells                   Type           Power      Damage    Failure   Level
 Sandblast                Erth           56%        2d13      2%          1
 Vampiric Draining        Necr           25%        2d7       9%          3
 Stone Arrow              Conj/Erth      48%        3d10      10%         3
 Dazzling Flash           Conj/Hex       24%        N/A       26%         3
 Animate Dead             Necr           25%        N/A       30%         4
 Brom's Barrelling Bould  Conj/Erth      24%        2d5       32%         4
 Curse of Agony           Necr           25%        N/A       63%         5
 Passage of Golubria      Tloc           4%         N/A       85%         4
 Silence                  Hex/Air        2%         N/A       99%         5
 Starburst                Conj/Fire      6%         6d4       100%        6
 Lehudib's Crystal Spear  Conj/Erth      12%        10d4      100%        8
 Maxwell's Capacitive Co  Air            2%         ∞         100%        8


Dungeon Overview and Level Annotations

Branches:
Dungeon (5/15)
 Temple: D:4-7

Altars:
Ashenzari
Cheibriados
Fedhas
Gozag
Hepliaklqana
Kikubaaqudgha
Makhleb
Nemelex Xobeh
Okawaru
Ru
Uskayaw
Vehumet
Xom
Yredelemnul


Innate Abilities, Weirdness & Mutations

Your plain brown scales are hard. (AC +6)
You cannot fit into any form of body armour.
You are cold-blooded and may be slowed by cold attacks.


Message History

Casting: Necrotise (safe; 3% risk of failure)
Confirm with . or Enter, or press ? or * to list all spells.
Aiming: Necrotise (safe; 3% risk of failure)
Press: ? - help, Shift-Dir - straight line, f/p - gnoll
Aim: a gnoll, wielding a +1 whip of venom (severely wounded, chance to affect: 81%)
The gnoll barely resists.
You feel very sick.
The gnoll hits you with a +1 whip of venom.
You are more poisoned.
The gnoll barely misses you.
Your gnoll skeleton closely misses the gnoll.
Casting: Necrotise (safe; 3% risk of failure)
Confirm with . or Enter, or press ? or * to list all spells.
Aiming: Necrotise (safe; 3% risk of failure)
Press: ? - help, Shift-Dir - straight line, f/p - gnoll
Aim: a gnoll, wielding a +1 whip of venom (severely wounded, chance to affect: 81%)
The gnoll barely resists.
You feel very sick. The gnoll hits you but does no damage.
You are more poisoned.
The gnoll closely misses you.
Your gnoll skeleton closely misses the gnoll.
You closely miss the gnoll.
Your tail-slap misses the gnoll.
* * * LOW HITPOINT WARNING * * *
You feel very sick.
An adder comes into view.
The gnoll barely misses you. The gnoll closely misses you.
Your gnoll skeleton hits the gnoll.
The adder bites your gnoll skeleton.
Unknown command.
As you read the scroll labelled GUENAGENUNU, it crumbles to dust.
You hear a loud clanging noise!
It was a scroll of noise.
* * * LOW HITPOINT WARNING * * *
You feel very sick.
The gnoll closely misses you. x2; The adder bites your gnoll skeleton.
Unknown command.
As you read the scroll labelled OWKEBY YSTYTA, it crumbles to dust.
You feel strangely unstable.
It was a scroll of teleportation.
* * * LOW HITPOINT WARNING * * *
You feel very sick. The gnoll barely misses you.
The adder bites your gnoll skeleton.
Your gnoll skeleton hits the gnoll.
The gnoll hits you but does no damage.
It was a potion of brilliance.
You feel clever all of a sudden.
* * * LOW HITPOINT WARNING * * *
You feel very sick. The adder bites your gnoll skeleton.
The gnoll barely misses you.
The gnoll hits you from afar with a +0 halberd!
You die...

#... ###########..#
#.............
#.###.#####... ###
#..# ##.# #..
##.### #.# #.#
##)..# #.#
#.###♣♣♣♣~...###..
#@##~~~~P~♣.♣P#.).
#g#♣~~~~~~~.P~♣)..
#g~~~~~~~~≈.~~~♣..
#Z#~♣~~~~≈≈.P~~♣♣.
.S.##♣~~≈≈≈~.~~~P♣♣
#.###
♣~~≈~≈≈.P~~~♣♣ #..
♣♣♣♣≈≈≈.~~~~~ ..g
♣~P≈.~~≈≈~♣ ###
♣♣P~.≈~~~≈~


You could see 2 gnolls, an adder (ally target) and a friendly gnoll skeleton.

Vanquished Creatures
  A black bear (D:3)
  A centaur (D:5)
  An orc priest (D:4)
  2 orc wizards
  2 iguanas
  A scorpion zombie (D:4)
  A hound zombie (D:4)
  A gnoll (D:5)
  6 adders
  2 ufetubi (D:3)
  3 ribbon worms (D:2)
  A dart slug (D:2)
  9 orcs
  4 ball pythons
  8 endoplasms
  A giant cockroach (D:3)
  9 goblins
  4 hobgoblins
  6 jackals
  A quokka (D:3)
  5 bats
  A frilled lizard (D:1)
  A kobold (D:3)
  4 rats
75 creatures vanquished.

Vanquished Creatures (collateral kills)
  A dart slug (D:4)
  A jackal (D:3)
  A ball python (D:2)
  A rat (D:3)
4 creatures vanquished.

Grand Total: 79 creatures vanquished

Notes
Turn   | Place    | Note
-------+----------+-------------------------------------------
     0 | D:1      | GodheadOfAwe the Draconian Necromancer began the quest for
                  | the Orb.
     0 | D:1      | Reached XP level 1. HP: 14/14 MP: 3/3
   343 | D:1      | Reached XP level 2. HP: 18/22 MP: 1/5
   386 | D:1      | Found a faded altar of an unknown god.
  1170 | D:2      | Reached XP level 3. HP: 27/27 MP: 4/6
  1201 | D:2      | Reached skill level 1 in Conjurations
  1201 | D:2      | Reached skill level 1 in Earth Magic
  1664 | D:3      | Noticed a black bear
  1774 | D:3      | Reached XP level 4. HP: 22/34 MP: 7/7
  2154 | D:3      | Killed a black bear
  2155 | D:3      | Reached XP level 5. HP: 22/39 MP: 1/9
  2232 | D:3      | Found an ancient bone altar of Kikubaaqudgha.
  2709 | D:4      | Reached skill level 3 in Earth Magic
  2968 | D:4      | Reached skill level 3 in Spellcasting
  2968 | D:4      | Reached skill level 3 in Conjurations
  3140 | D:4      | Reached XP level 6. HP: 42/46 MP: 0/10
  3465 | D:4      | Found a blossoming altar of Fedhas.
  3514 | D:4      | Found a sparkling altar of Nemelex Xobeh.
  3546 | D:4      | Noticed a torpor snail
  3547 | D:4      | Found a snail-covered altar of Cheibriados.
  3547 | D:4      | Noticed a torpor snail
  3547 | D:4      | Noticed a torpor snail
  3666 | D:4      | Found a basalt altar of Yredelemnul.
  3720 | D:4      | Found an opulent altar of Gozag.
  3721 | D:4      | Found a radiant altar of Vehumet.
  3722 | D:4      | Found a burning altar of Makhleb.
  3723 | D:4      | Found a sacrificial altar of Ru.
  3723 | D:4      | Found a hide-covered altar of Uskayaw.
  3723 | D:4      | Found a hazy altar of Hepliaklqana.
  3725 | D:4      | Found a shimmering altar of Xom.
  3725 | D:4      | Found an iron altar of Okawaru.
  3725 | D:4      | Found a broken altar of Ashenzari.
  3779 | D:5      | Entered Level 5 of the Dungeon
  4218 | D:5      | Slain by a gnoll

Illustrated notes

Levels and vault maps discovered:
D:1:      mainiacjoe_arrival_oval_in_oval, layout_loops_ring,
          shapermc_ecumenical_altar_acropolis, minmay_crystal_room,
          minivault_19, minivault_23, minmay_pentomino_s4
D:2:      layout_rooms, kennysheep_generic_room_8
D:3:      layout_basic, mainiacjoe_overflow_concentric_impassable,
          minmay_surrounded
D:4:      layout_cave_pools, cheibriados_altar_2,
          lemuel_zombie_altar_yredelemnul, mainiacjoe_overflow_alcove_4,
          nicolae_overflows_in_rows, fedhas_altar_4, minmay_misc_feat_room
D:5:      layout_loops_ring, serial_bayou_lagoon_b, uniq_ijyb

Skill      XL: |  1  2  3  4  5  6 |
---------------+-------------------+-----
Stealth        | 2 |  2.0
Dodging        | 2 |  2.0
Conjurations   | 1 2 3 |  3.0
Earth Magic    | 1 2 3 4 |  4.7
Spellcasting   | 3 |  3.7
Fighting       | |  0.7
Necromancy     | |  4.1

Action                     |  1- 3 |  4- 6 || total
---------------------------+-------+-------++-------
  Melee: Whip              |    33 |    32 ||    65
         Tailslap          |     2 |     5 ||     7
   Cast: Necrotise         |    56 |   129 ||   185
    Use: Scroll            |       |     5 ||     5
         Potion            |       |     2 ||     2
 Armour: Skin              |    40 |    82 ||   122
  Dodge: Dodged            |    51 |    68 ||   119

Table legend: (Time is in decaauts)
 A = Elapsed time spent in this place.
 B = Non-inter-level travel time spent in this place.
 C = Inter-level travel time spent in this place.
 D = Time resting spent in this place.
 E = Time spent auto-exploring this place.
 F = Levels seen in this place.
 G = Mean time per level.
                   A        B        C        D        E       F      G
               +--------+--------+--------+--------+--------+-----+--------+
         Total |   4230 |   4010 |    220 |    200 |   3272 |   5 |  846.0 |
       Dungeon |   4230 |   4010 |    220 |    200 |   3272 |   5 |  846.0 |
               +--------+--------+--------+--------+--------+-----+--------+

Top non-repeatable levels by time:
     D:3: 1041 daAuts
     D:4: 1032 daAuts
     D:1: 930 daAuts
     D:2: 782 daAuts
     D:5: 443 daAuts
